 Dungeon Crawl Stone Soup version 0.24.0-13-gcf9b319 (webtiles) character file.

Game seed: 17347368921984083616, levelgen mode: deterministic

97 Boetheseconed the Insei (level 4, -1/35 HPs)
             Began as a Demonspawn Monk on Dec 1, 2019.
             Slain by Sigmund
             ... wielding a +0 scythe
              (10 damage)
             ... on level 2 of the Dungeon.
             The game lasted 00:05:19 (1794 turns).

Boetheseconed the Insei (Demonspawn Monk)           Turns: 1794, Time: 00:05:19

Health: -1/35      AC:  2    Str:  9 (11) XL:     4   Next: 42%
Magic:  4/4        EV: 14    Int: 15 (17) God:
Gold:   23         SH:  0    Dex: 15 (16) Spells: 3/3 levels left

rFire    . . .     SeeInvis .     - Unarmed
rCold    . . .     Gourm    .   (no shield)
rNeg     . . .     Faith    .   a - +0 robe
rPois    .         Spirit   .   (no helmet)
rElec    .         Reflect  .   (no cloak)
rCorr    .         Harm     .   (no gloves)
MR       .....                  (no boots)
Stlth    ++........             (no amulet)
HPRegen  0.11/turn              (no ring)
MPRegen  0.09/turn              (no ring)

@: brilliant, lethally poisoned (-1 -> -4), about to teleport, hasted, very
quick
A: powered by death 1, powered by pain 1
a: no special abilities


You were on level 2 of the Dungeon.
You were not hungry.

You visited 1 branch of the dungeon, and saw 2 of its levels.

You collected 23 gold pieces.

Inventory:

Armour
 a - a +0 robe (worn)
Scrolls
 c - a scroll of enchant weapon
 f - 3 scrolls of identify
Comestibles
 b - 5 rations
 d - a chunk of flesh


   Skills:
 + Level 3.4 Fighting
 + Level 3.4 Dodging
 + Level 2.3 Stealth
 + Level 3.6 Unarmed Combat


You had 3 spell levels left.
You didn't know any spells.
Your spell library was empty.

Dungeon Overview and Level Annotations

Branches:
Dungeon (2/15)

Altars:

Annotations:
D:2 Sigmund


Innate Abilities, Weirdness & Mutations

You regenerate a little health from kills.
You sometimes gain a little power by taking damage.


Message History

It is a scroll of amnesia.
You feel forgetful for a moment. Sigmund gestures at you while chanting.
The magic dart hits you. The adder bites you.
* * * LOW HITPOINT WARNING * * *
You are poisoned.
The adder poisons you!
As you read the scroll labeled GUHAAC JUSUN, it crumbles to dust.
You hear snatches of song.
It was a scroll of random uselessness.
You feel sick. Sigmund completely misses you.
As you read the scroll labeled YNLAT MITE, it crumbles to dust.
It is a scroll of identify.
c - a scroll of enchant weapon The adder barely misses you.
As you read the scroll labeled POUTHR ZASS, it crumbles to dust.
You feel strangely unstable.
It was a scroll of teleportation.
The adder closely misses you.
Sigmund hits you from afar with a +0 scythe!
You die...

..... ...# ...#
..## ... #@#
######.######
#.....@S....# ###
#.##...###....
##.## #.##....# #
##.#.#####.##.....#
#.###............##
##.#.#####.###..##
##.## #.# #..#
....# ###.######.#
#..# ##.#.#
#.......##.. #.
.....


You could see Sigmund and an adder.

Vanquished Creatures
  Jessica (D:2)
  2 adders (D:2)
  3 dart slugs
  2 leopard geckos
  4 giant cockroaches
  7 goblins
  5 hobgoblins (D:2)
  A ball python (D:1)
  6 bats
  8 frilled lizards
  4 kobolds
  6 rats
49 creatures vanquished.

Notes
Turn   | Place    | Note
-------+----------+-------------------------------------------
     0 | D:1      | Boetheseconed the Demonspawn Monk began the quest for the
                  | Orb.
     0 | D:1      | Reached XP level 1. HP: 18/18 MP: 1/1
   147 | D:1      | Gained mutation: You regenerate a little health from kills.
                  | [demonic ancestry]
   147 | D:1      | Reached XP level 2. HP: 18/24 MP: 2/2
  1000 | D:2      | Noticed Jessica
  1018 | D:2      | Killed Jessica
  1018 | D:2      | Gained mutation: You sometimes gain a little power by
                  | taking damage. [demonic ancestry]
  1018 | D:2      | Reached XP level 3. HP: 27/29 MP: 3/3
  1199 | D:2      | Reached XP level 4. HP: 30/35 MP: 4/4
  1782 | D:2      | Noticed Sigmund
  1794 | D:2      | Slain by Sigmund

Levels and vault maps discovered:
D:1:      psy_arrival_basics, layout_loops_ring, minmay_split_cup_large
D:2:      layout_loops_corners, regret_index_temple_of_mockery, first_ration,
          uniq_jessica, uniq_sigmund

Skill      XL: |  1  2 |
---------------+-------+-----
Dodging        | 3 |  3.4
Unarmed Combat | 3 |  3.6
Stealth        | 2 |  2.3
Fighting       | |  3.4

Action                   |  1- 3 |  4- 6 || total
-------------------------+-------+-------++-------
Melee: Unarmed           |   121 |    50 ||   171
       Punch             |     7 |     2 ||     9
  Use: Scroll            |       |     4 ||     4
       Potion            |       |     4 ||     4
 Stab: Sleeping          |     3 |     1 ||     4
       Distracted        |       |     1 ||     1
  Eat: Chunk             |     1 |     2 ||     3
Armor: Robe              |    35 |     2 ||    37
Dodge: Dodged            |   108 |    41 ||   149
